AoeStats
← IllusiveBread19

Arabian Desert

510728461Analyzed
1v1 RM · 1d ago on Oct 2, 2026· 37m 30s· 2 players
Game mode
Random Map
Map size
Tiny (2 player)
Population
200
Speed
Normal
Resources
Standard
Victory
Conquest
Starting age
Dark Age
Ending age
Imperial Age
RankedLock teamsTeams togetherTeam positionsShared explorationLock speedFull tech treeHidden civsTurbo modeCheats
Victory
Defeat
🇬🇧 Sicilians · United Kingdom
415
+21
🇨🇿 Vietnamese · Czechia
518
-21
IllusiveBread19
0:29 Loom
13:09 Feudal Age
15:42 Double-Bit Axe
15:41 Horse Collar
23:22 Stone Mining
24:15 Gold Mining
33:30 Castle Age
31:45 Fletching
32:00 Scale Mail Armor
34:53 Bodkin Arrow
Nohy Enjoyer
10:27 Feudal Age
11:13 Double-Bit Axe
15:07 Town Watch
18:01 Bloodlines
22:57 Fletching
27:31 Horse Collar
33:14 Castle Age
32:30 Gold Mining
33:58 Crossbowman
34:44 Thumb Ring
36:32 Bodkin Arrow
Connection lost

Rejoining the realm…

Still unreachable

The connection could not be restored.

Session expired

The server has moved on; the page needs a fresh start.